Monarchs vs Inferno
Created - January 31, 2019 at 19:10
Goals
|
| Monarchs |
2 |
0 |
0 |
2 |
| Inferno |
0 |
4 |
0 |
4 |
|
Shots
|
| Monarchs |
14 |
8 |
6 |
28 |
| Inferno |
11 |
11 |
11 |
33 |
|
1st period
1. Monarchs , Daultan Leveillé 21 (Connor Brown 56) at 16:26
2. Monarchs , Marko Dano 20 (Garnet Hathaway 25, Andre Burakovsky 29) at 19:45 (PP)
Penalties :
Matt Kassian (Anc) for Holding (Minor) at 5:37, Ryan Pulock (MAN) for Holding (Minor) at 10:14, Greg Pateryn (Anc) for Slashing (Minor) at 18:48
2nd period
3. Inferno , Matthew Nieto 15 (Tyler Shattock 3) at 5:47
4. Inferno , Esa Lindell 5 (Vladimir Sobotka 31, Kyle Palmieri 31) at 6:37
5. Inferno , Anders Lee 11 (Matt Kassian 14, Bryan Rust 13) at 15:37 (PP)
6. Inferno , Bryan Rust 14 (Tanner Pearson 30, Mathieu Brodeur 18) at 18:37
Penalties :
Tanner Pearson (Anc) for Roughing (Minor) at 7:15, Simon Danis-Pepin (Anc) for Tripping (Minor) at 11:04, Garnet Hathaway (MAN) for Interference (Minor) at 15:00
3rd period
No Goal
Penalties :
Petteri Lindbohm (Anc) for Interference (Minor) at 10:28
Goalie Stats
Anders Lindback (MAN), 29 saves from 33 shots - (0.879), L, 15-13-2, 60:00 minutes
Michael Hutchinson (Anc), 26 saves from 28 shots - (0.929), W, 7-8-1, 60:00 minutes
Players Stats for Monarchs
Player Name G A P +/- PIM S H SB GA TA FO MP PP MP PK MP
------------------------------------------------------------------------------------
Alec Martinez 0 0 0 0 0 1 1 2 0 1 0/0 16:37 0:00 1:50
Andre Burakovsky 0 1 1 0 0 3 1 0 1 0 0/0 20:31 4:24 0:00
Connor Brown 0 1 1 0 0 3 1 1 0 1 0/1 20:33 4:24 0:00
Daultan Leveillé 1 0 1 0 0 3 1 0 1 1 12/32 17:56 0:00 1:47
David Fischer 0 0 0 -1 0 0 0 3 3 1 0/0 18:33 0:00 0:46
Elias Lindholm 0 0 0 -2 0 0 0 0 0 0 6/9 11:23 1:13 0:00
Eric Fehr 0 0 0 0 0 1 3 0 0 0 0/0 11:51 0:06 0:00
Garnet Hathaway 0 1 1 -2 2 5 1 1 1 0 1/1 16:36 5:13 0:58
Joe Morrow 0 0 0 -1 0 0 0 0 0 0 0/0 14:12 3:40 0:46
Joel Armia 0 0 0 0 0 2 2 0 0 0 0/0 14:59 4:23 0:00
Jonathan Drouin 0 0 0 0 0 0 1 0 0 0 1/1 14:51 4:23 0:00
JT Compher 0 0 0 -1 0 2 0 0 0 0 0/0 7:04 2:45 0:00
Marko Dano 1 0 1 0 0 3 3 0 0 0 4/13 17:50 4:24 0:00
Mike Hoffman 0 0 0 0 0 0 0 0 0 0 0/0 3:00 0:37 0:49
Mike Reilly 0 0 0 0 0 0 0 0 0 0 0/0 6:17 0:00 0:00
Robert Hagg 0 0 0 0 0 0 0 2 0 0 0/0 16:37 0:00 1:50
Ryan Pulock 0 0 0 -1 2 0 1 0 0 0 0/0 13:25 3:40 0:00
Ryan White 0 0 0 0 0 0 0 0 0 0 0/0 0:00 0:00 0:00
Steve Ott 0 0 0 0 0 3 0 0 1 0 6/11 11:16 0:00 0:33
Tomas Tatar 0 0 0 -1 0 2 1 1 0 0 0/0 14:40 0:00 1:05
Will Butcher 0 0 0 -1 0 0 2 0 0 0 0/0 22:54 5:13 0:00
Zac Leslie 0 0 0 0 0 0 0 1 0 0 0/0 6:17 0:00 0:00
Players Stats for Inferno
Player Name G A P +/- PIM S H SB GA TA FO MP PP MP PK MP
------------------------------------------------------------------------------------
Anders Lee 1 0 1 1 0 5 3 0 0 0 8/11 17:26 1:12 3:01
Bryan Rust 1 1 2 1 0 1 0 1 0 0 0/0 14:25 1:12 0:00
Chris Brown 0 0 0 0 0 0 0 0 0 0 0/0 0:28 0:00 0:00
Christian Folin 0 0 0 0 0 0 1 3 0 1 0/0 26:55 1:42 5:19
Daniil Tarasov 0 0 0 0 0 0 0 0 0 0 0/0 1:55 0:00 1:22
Esa Lindell 1 0 1 0 0 4 2 1 1 2 0/0 26:43 1:42 5:13
Frank Corrado 0 0 0 2 0 1 1 1 0 0 0/0 10:09 0:00 0:00
Greg Pateryn 0 0 0 0 2 1 1 0 0 1 0/0 18:37 0:54 3:24
Joakim Nordstrom 0 0 0 0 0 1 1 0 0 1 1/1 7:28 0:00 0:00
John Gilmour 0 0 0 0 0 0 0 1 0 0 0/0 4:08 0:00 0:00
Kyle Palmieri 0 1 1 0 0 4 3 0 1 0 4/7 24:04 1:24 4:52
Mathieu Brodeur 0 1 1 2 0 0 0 1 0 1 0/0 11:24 0:00 1:06
Matt Kassian 0 1 1 1 2 2 1 1 0 0 0/0 14:30 1:12 0:00
Matthew Nieto 1 0 1 1 0 1 2 0 1 0 1/1 10:57 0:00 1:23
Oliver Bjorkstrand 0 0 0 0 0 2 0 0 0 0 0/1 7:28 0:00 0:00
Peter Cehlarik 0 0 0 0 0 0 0 0 0 0 0/0 0:00 0:00 0:00
Petteri Lindbohm 0 0 0 0 2 0 0 0 0 0 0/0 4:09 0:00 0:00
Philip Varone 0 0 0 1 0 0 1 0 0 1 2/8 9:29 0:00 0:00
Ryan Spooner 0 0 0 0 0 0 0 0 0 0 0/0 0:28 0:00 0:00
Simon Danis-Pepin 0 0 0 0 2 3 0 0 1 0 0/0 17:57 0:54 2:44
Tanner Pearson 0 1 1 0 2 1 2 0 0 0 4/7 21:21 1:24 2:16
Trevor Carrick 0 0 0 0 0 0 0 0 0 0 0/0 0:00 0:00 0:00
Tyler Shattock 0 1 1 1 0 3 2 0 0 0 0/1 9:29 0:00 0:00
Victor Rask 0 0 0 0 0 2 1 0 0 0 3/4 7:28 0:00 0:00
Vladimir Sobotka 0 1 1 0 0 2 0 1 0 0 15/27 24:04 1:24 4:52
3 Stars
1 - Bryan Rust (Anc)
2 - Anders Lee (Anc)
3 - Matthew Nieto (Anc)
Power Play
Monarchs - 1 on 5 Attempt(s) - 20.00%
Inferno - 1 on 2 Attempt(s) - 50.00%
Penalty Kill
Monarchs - 1 on 2 Attempt(s) - 50.00%
- Score 0 goal in Penalty Kill
Inferno - 4 on 5 Attempt(s) - 80.00%
- Score 0 goal in Penalty Kill
Team Stat
Monarchs - Hits : 18 - Faceoff Wins : 30 - Blocked Shots : 11 - Penalty Minutes : 4
Inferno - Hits : 21 - Faceoff Wins : 38 - Blocked Shots : 10 - Penalty Minutes : 10
Official
Referees : Unknown
Linesman : Unknown
Game Notes
JT Compher is injured at 11:35 of 2nd period (Right Foot)
Finance
Level 1 -- Attendance: 1547 (77.35%) -- Ticket Income $61,880
Level 2 -- Attendance: 722 (72.20%) -- Ticket Income $14,440
Total Attendance: 2269 (75.63%)
Total Ticket Income: $76,320
Other Income: $3,816
Total Income: $80,136
Monarchs
5 vs 5 Forward
Center Left Wing Right Wing Time % Phy DF OF
1 Daultan Leveillé Andre Burakovsky Connor Brown 35 0 2 3
2 Marko Dano Tomas Tatar Eric Fehr 25 1 2 2
3 Steve Ott Jonathan Drouin Joel Armia 20 1 2 2
4 Elias Lindholm JT Compher Garnet Hathaway 20 0 2 3
5 vs 5 Defense
Defense Defense Time % Phy DF OF
1 Will Butcher David Fischer 35 0 3 2
2 Alec Martinez Robert Hagg 30 0 4 1
3 Joe Morrow Ryan Pulock 20 0 3 2
4 Mike Reilly Zac Leslie 15 0 3 2
PowerPlay Forward
Center Left Wing Right Wing Time % Phy DF OF
1 Marko Dano Andre Burakovsky Connor Brown 60 0 1 4
2 Jonathan Drouin JT Compher Joel Armia 40 0 1 4
PowerPlay Defense
Defense Defense Time % Phy DF OF
1 Will Butcher Garnet Hathaway 60 0 2 3
2 Ryan Pulock Joe Morrow 40 0 2 3
Penalty Kill 4 Players Forward
Center Wing Time % Phy DF OF
1 Daultan Leveillé Garnet Hathaway 60 0 4 1
2 Steve Ott Tomas Tatar 40 0 4 1
Penalty Kill 4 Players Defense
Defense Defense Time % Phy DF OF
1 Robert Hagg Alec Martinez 60 1 4 0
2 Joe Morrow David Fischer 40 1 4 0
Penalty Kill - 3 Players Forward
Forward Time % Phy DF OF
1 Daultan Leveillé 60 1 4 0
2 Steve Ott 40 1 4 0
Penalty Kill - 3 Players Defense
Defense Defense Time % Phy DF OF
1 Alec Martinez Robert Hagg 60 0 5 0
2 Zac Leslie David Fischer 40 0 5 0
4 vs 4 Forward
Center Wing Time % Phy DF OF
1 Marko Dano Tomas Tatar 60 1 2 2
2 Connor Brown Andre Burakovsky 40 1 2 2
4 vs 4 Defense
Defense Defense Time % Phy DF OF
1 David Fischer Will Butcher 60 1 2 2
2 Robert Hagg Alec Martinez 40 1 2 2
Last Minutes Offensive
Center Left Wing Right Wing Defense Defense
Marko Dano Andre Burakovsky Connor Brown Ryan Pulock Will Butcher
Last Minutes Defensive
Center Left Wing Right Wing Defense Defense
Daultan Leveillé Tomas Tatar Garnet Hathaway Robert Hagg Alec Martinez
Goaltenders
Starting : Anders Lindback
Backup : Malcolm Subban
Extra Forwards
Normal : Marko Dano, Garnet Hathaway, Tomas Tatar - PP : Elias Lindholm, Mike Hoffman - PK : Mike Hoffman
Extra Defensemen
Normal : Will Butcher, Ryan Pulock, Robert Hagg - PP : Mike Reilly - PK : Joe Morrow, Will Butcher
Penalty Shots
Andre Burakovsky, Tomas Tatar, Marko Dano, Mike Hoffman, Elias Lindholm
Scratches
Davis Drewiske (Healthy), Colin Smith (Healthy), Nicklas Jensen (Healthy), Nikita Alexeev (Healthy), Anthony Peluso (Healthy)
Zach Redmond (Healthy), Tyler Beskorowany (Healthy)
Inferno
5 vs 5 Forward
Center Left Wing Right Wing Time % Phy DF OF
1 Vladimir Sobotka Tanner Pearson Kyle Palmieri 40 1 2 2
2 Anders Lee Matt Kassian Bryan Rust 30 1 2 2
3 Philip Varone Matthew Nieto Tyler Shattock 20 1 2 2
4 Victor Rask Joakim Nordstrom Oliver Bjorkstrand 10 1 2 2
5 vs 5 Defense
Defense Defense Time % Phy DF OF
1 Christian Folin Esa Lindell 40 1 2 2
2 Greg Pateryn Simon Danis-Pepin 30 1 2 2
3 Mathieu Brodeur Frank Corrado 20 1 2 2
4 Petteri Lindbohm John Gilmour 10 1 2 2
PowerPlay Forward
Center Left Wing Right Wing Time % Phy DF OF
1 Vladimir Sobotka Tanner Pearson Kyle Palmieri 60 1 2 2
2 Anders Lee Matt Kassian Bryan Rust 40 1 2 2
PowerPlay Defense
Defense Defense Time % Phy DF OF
1 Christian Folin Esa Lindell 60 1 2 2
2 Greg Pateryn Simon Danis-Pepin 40 1 2 2
Penalty Kill 4 Players Forward
Center Wing Time % Phy DF OF
1 Kyle Palmieri Vladimir Sobotka 60 1 2 2
2 Anders Lee Tanner Pearson 40 1 2 2
Penalty Kill 4 Players Defense
Defense Defense Time % Phy DF OF
1 Christian Folin Esa Lindell 60 1 2 2
2 Greg Pateryn Simon Danis-Pepin 40 1 2 2
Penalty Kill - 3 Players Forward
Forward Time % Phy DF OF
1 Kyle Palmieri 60 1 2 2
2 Vladimir Sobotka 40 1 2 2
Penalty Kill - 3 Players Defense
Defense Defense Time % Phy DF OF
1 Christian Folin Esa Lindell 60 1 2 2
2 Greg Pateryn Simon Danis-Pepin 40 1 2 2
4 vs 4 Forward
Center Wing Time % Phy DF OF
1 Kyle Palmieri Vladimir Sobotka 60 1 2 2
2 Anders Lee Tanner Pearson 40 1 2 2
4 vs 4 Defense
Defense Defense Time % Phy DF OF
1 Christian Folin Esa Lindell 60 1 2 2
2 Greg Pateryn Simon Danis-Pepin 40 1 2 2
Last Minutes Offensive
Center Left Wing Right Wing Defense Defense
Vladimir Sobotka Tanner Pearson Kyle Palmieri Christian Folin Esa Lindell
Last Minutes Defensive
Center Left Wing Right Wing Defense Defense
Vladimir Sobotka Tanner Pearson Kyle Palmieri Christian Folin Esa Lindell
Goaltenders
Starting : Michael Hutchinson
Backup : Nathan Lieuwen
Extra Forwards
Normal : Ryan Spooner, Chris Brown, Daniil Tarasov - PP : Ryan Spooner, Chris Brown - PK : Daniil Tarasov
Extra Defensemen
Normal : Trevor Carrick, Mathieu Brodeur, Frank Corrado - PP : Trevor Carrick - PK : Mathieu Brodeur, Frank Corrado
Penalty Shots
Kyle Palmieri, Vladimir Sobotka, Anders Lee, Tanner Pearson, Bryan Rust
Scratches
Eric Karlsson (Healthy), Branden Troock (Healthy), Vladimir Zharkov (Lacerated Right Calf Injury), Christopher Gibson (Exhaustion)
% Time on Ice - Monarchs
Lines # - Real PCT - Wanted PCT - Time Play
Normal Forward
1 - 35% - 35% - 16:51
2 - 23% - 25% - 11:20
3 - 21% - 20% - 10:21
4 - 21% - 20% - 9:59
Normal Defense
1 - 36% - 35% - 17:41
2 - 32% - 30% - 15:23
3 - 19% - 20% - 9:10
4 - 13% - 15% - 6:17
PP Forward
1 - 51% - 60% - 4:30
2 - 49% - 40% - 4:23
PP Defense
1 - 59% - 60% - 5:13
2 - 41% - 40% - 3:40
PK Forward
1 - 85% - 60% - 2:12
2 - 15% - 40% - 0:24
PK Defense
1 - 71% - 60% - 1:50
2 - 29% - 40% - 0:46
PK3 Forward
1 - 0% - 60%
2 - 0% - 40%
PK3 Defense
1 - 0% - 60%
2 - 0% - 40%
44 Forward
1 - 0% - 60%
2 - 0% - 40%
44 Defense
1 - 0% - 60%
2 - 0% - 40%
Last Minute Offensive - 0:00
Last Minute Defensive - 0:00
Total
Forward - 60:00
Defense - 60:00
|
% Time on Ice - Inferno
Lines # - Real PCT - Wanted PCT - Time Play
Normal Forward
1 - 38% - 40% - 18:21
2 - 27% - 30% - 13:13
3 - 20% - 20% - 9:29
4 - 15% - 10% - 7:28
Normal Defense
1 - 41% - 40% - 19:54
2 - 30% - 30% - 14:20
3 - 21% - 20% - 10:09
4 - 9% - 10% - 4:08
PP Forward
1 - 54% - 60% - 1:24
2 - 46% - 40% - 1:12
PP Defense
1 - 65% - 60% - 1:42
2 - 35% - 40% - 0:54
PK Forward
1 - 68% - 60% - 6:04
2 - 32% - 40% - 2:49
PK Defense
1 - 60% - 60% - 5:19
2 - 40% - 40% - 3:34
PK3 Forward
1 - 0% - 60%
2 - 0% - 40%
PK3 Defense
1 - 0% - 60%
2 - 0% - 40%
44 Forward
1 - 0% - 60%
2 - 0% - 40%
44 Defense
1 - 0% - 60%
2 - 0% - 40%
Last Minute Offensive - 0:00
Last Minute Defensive - 0:00
Total
Forward - 60:00
Defense - 60:00
|
Play-by-Play
1st period
0:01 of 1st period - Tanner Pearson wins face-off versus Daultan Leveillé in neutral zone.
0:10 of 1st period - David Fischer is hit by Kyle Palmieri and loses puck.
1:14 of 1st period - Wrist shot by Steve Ott.
1:14 of 1st period - Stopped by Michael Hutchinson without a rebound.
1:15 of 1st period - Vladimir Sobotka wins face-off versus Daultan Leveillé in Inferno zone.
1:22 of 1st period - Snap shot by Daultan Leveillé.
1:22 of 1st period - Stopped by Michael Hutchinson with a rebound.
1:24 of 1st period - Slapshot by Joe Morrow.
1:24 of 1st period - Shot Misses the Net.
1:26 of 1st period - Snap shot by Daultan Leveillé.
1:26 of 1st period - Shot Misses the Net.
1:40 of 1st period - Joe Morrow is hit by Anders Lee.
1:44 of 1st period - Wrist shot by Marko Dano.
1:44 of 1st period - Shot Blocked by Mathieu Brodeur.
1:46 of 1st period - Slapshot by Zac Leslie.
1:46 of 1st period - Shot Blocked by Frank Corrado.
1:48 of 1st period - Snap shot by Eric Fehr.
1:48 of 1st period - Shot Blocked by Matt Kassian.
1:50 of 1st period - Snap shot by Marko Dano.
1:50 of 1st period - Stopped by Michael Hutchinson without a rebound.
1:51 of 1st period - Steve Ott wins face-off versus Vladimir Sobotka in Inferno zone.
2:03 of 1st period - Off-side.
2:04 of 1st period - Matthew Nieto wins face-off versus Daultan Leveillé in neutral zone.
2:39 of 1st period - Snap shot by Anders Lee.
2:39 of 1st period - Stopped by Anders Lindback with a rebound.
2:55 of 1st period - Snap shot by JT Compher.
2:55 of 1st period - Stopped by Michael Hutchinson without a rebound.
2:56 of 1st period - Vladimir Sobotka wins face-off versus Marko Dano in Inferno zone.
2:56 of 1st period - Vladimir Sobotka is hit by Tomas Tatar.
3:10 of 1st period - Slapshot by Tomas Tatar.
3:10 of 1st period - Shot Blocked by John Gilmour.
3:37 of 1st period - Off-side.
3:38 of 1st period - Daultan Leveillé wins face-off versus Anders Lee in neutral zone.
3:50 of 1st period - Snap shot by Anders Lee.
3:50 of 1st period - Stopped by Anders Lindback with a rebound.
5:03 of 1st period - Off-side.
5:04 of 1st period - Anders Lee wins face-off versus Daultan Leveillé in neutral zone.
5:37 of 1st period - Minor Penalty to Matt Kassian for Holding.
5:38 of 1st period - Jonathan Drouin wins face-off versus Kyle Palmieri in Inferno zone.
7:37 of 1st period - Penalty to Matt Kassian is over, Matt Kassian is back on ice.
8:22 of 1st period - Icing by Victor Rask.
8:23 of 1st period - Victor Rask wins face-off versus Daultan Leveillé in Inferno zone.
9:43 of 1st period - Wrist shot by Anders Lee.
9:43 of 1st period - Shot Misses the Net.
9:57 of 1st period - Snap shot by Connor Brown.
9:57 of 1st period - Stopped by Michael Hutchinson with a rebound.
10:06 of 1st period - Wrist shot by Kyle Palmieri.
10:06 of 1st period - Shot Misses the Net.
10:14 of 1st period - Minor Penalty to Ryan Pulock for Holding.
10:15 of 1st period - Daultan Leveillé wins face-off versus Vladimir Sobotka in Monarchs zone.
10:30 of 1st period - Snap shot by Garnet Hathaway.
10:30 of 1st period - Shot Blocked by Vladimir Sobotka.
12:14 of 1st period - Penalty to Ryan Pulock is over, Ryan Pulock is back on ice.
12:17 of 1st period - Snap shot by Matthew Nieto.
12:17 of 1st period - Shot Blocked by David Fischer.
12:19 of 1st period - Snap shot by Mathieu Brodeur.
12:19 of 1st period - Shot Misses the Net.
12:21 of 1st period - Snap shot by Tyler Shattock.
12:21 of 1st period - Stopped by Anders Lindback with a rebound.
12:23 of 1st period - Slapshot by Frank Corrado.
12:23 of 1st period - Stopped by Anders Lindback without a rebound.
12:24 of 1st period - Steve Ott wins face-off versus Philip Varone in Monarchs zone.
12:29 of 1st period - Wrist shot by Steve Ott.
12:29 of 1st period - Deflect By Joel Armia.
12:29 of 1st period - Shot Misses the Net.
12:29 of 1st period - Puck is out of play.
12:30 of 1st period - Vladimir Sobotka wins face-off versus Steve Ott in Inferno zone.
12:35 of 1st period - Wrist shot by Kyle Palmieri.
12:35 of 1st period - Stopped by Anders Lindback with a rebound.
12:37 of 1st period - Slapshot by Greg Pateryn.
12:37 of 1st period - Stopped by Anders Lindback without a rebound.
12:38 of 1st period - Vladimir Sobotka wins face-off versus Daultan Leveillé in Monarchs zone.
12:39 of 1st period - Slapshot by Kyle Palmieri.
12:39 of 1st period - Stopped by Anders Lindback without a rebound.
12:40 of 1st period - Vladimir Sobotka wins face-off versus Daultan Leveillé in Monarchs zone.
12:55 of 1st period - Snap shot by Vladimir Sobotka.
12:55 of 1st period - Deflect By Daultan Leveillé.
12:55 of 1st period - Shot Misses the Net.
12:55 of 1st period - Puck is out of play.
12:56 of 1st period - Anders Lee wins face-off versus Steve Ott in Monarchs zone.
13:21 of 1st period - Daultan Leveillé is hit by Tanner Pearson and loses puck.
14:01 of 1st period - Snap shot by Oliver Bjorkstrand.
14:01 of 1st period - Stopped by Anders Lindback with a rebound.
14:31 of 1st period - Snap shot by Jonathan Drouin.
14:31 of 1st period - Shot Misses the Net.
15:12 of 1st period - Slapshot by Esa Lindell.
15:12 of 1st period - Shot Blocked by Garnet Hathaway.
15:26 of 1st period - Wrist shot by Tomas Tatar.
15:26 of 1st period - Stopped by Michael Hutchinson with a rebound.
15:28 of 1st period - Wrist shot by Marko Dano.
15:28 of 1st period - Stopped by Michael Hutchinson with a rebound.
15:30 of 1st period - Snap shot by Eric Fehr.
15:30 of 1st period - Shot Misses the Net.
15:32 of 1st period - Snap shot by Tomas Tatar.
15:32 of 1st period - Shot Misses the Net.
15:42 of 1st period - Snap shot by Victor Rask.
15:42 of 1st period - Stopped by Anders Lindback without a rebound.
15:43 of 1st period - Joakim Nordstrom wins face-off versus Steve Ott in Monarchs zone.
15:44 of 1st period - Wrist shot by Oliver Bjorkstrand.
15:44 of 1st period - Stopped by Anders Lindback without a rebound.
15:45 of 1st period - Steve Ott wins face-off versus Victor Rask in Monarchs zone.
16:06 of 1st period - Wrist shot by Steve Ott.
16:06 of 1st period - Stopped by Michael Hutchinson with a rebound.
16:08 of 1st period - Snap shot by Steve Ott.
16:08 of 1st period - Stopped by Michael Hutchinson without a rebound.
16:09 of 1st period - Daultan Leveillé wins face-off versus Vladimir Sobotka in Inferno zone.
16:10 of 1st period - Slapshot by Connor Brown.
16:10 of 1st period - Stopped by Michael Hutchinson with a rebound.
16:18 of 1st period - Snap shot by Andre Burakovsky.
16:18 of 1st period - Stopped by Michael Hutchinson without a rebound.
16:19 of 1st period - Daultan Leveillé wins face-off versus Vladimir Sobotka in Inferno zone.
16:24 of 1st period - Wrist shot by Daultan Leveillé.
16:24 of 1st period - Shot Misses the Net.
16:26 of 1st period - Snap shot by Daultan Leveillé.
16:26 of 1st period - Goal by Daultan Leveillé - Monarchs : 1 - Inferno : 0.
16:27 of 1st period - Vladimir Sobotka wins face-off versus Daultan Leveillé in neutral zone.
17:12 of 1st period - Kyle Palmieri is hit by Marko Dano.
17:44 of 1st period - Wrist shot by Kyle Palmieri.
17:44 of 1st period - Shot Misses the Net.
17:46 of 1st period - Wrist shot by Tanner Pearson.
17:46 of 1st period - Shot Blocked by Alec Martinez.
17:48 of 1st period - Slapshot by Esa Lindell.
17:48 of 1st period - Shot Blocked by Robert Hagg.
17:58 of 1st period - Slapshot by Esa Lindell.
17:58 of 1st period - Stopped by Anders Lindback without a rebound.
17:59 of 1st period - Daultan Leveillé wins face-off versus Anders Lee in Monarchs zone.
18:21 of 1st period - Icing by Anders Lee.
18:22 of 1st period - Anders Lee wins face-off versus Steve Ott in Inferno zone.
18:48 of 1st period - Minor Penalty to Greg Pateryn for Slashing.
18:49 of 1st period - Kyle Palmieri wins face-off versus Marko Dano in Inferno zone.
19:00 of 1st period - Vladimir Sobotka is hit by Jonathan Drouin and loses puck.
19:25 of 1st period - Snap shot by Joel Armia.
19:25 of 1st period - Shot Hit the Post.
19:27 of 1st period - Slapshot by Joe Morrow.
19:27 of 1st period - Shot Blocked by Esa Lindell.
19:29 of 1st period - Snap shot by Joe Morrow.
19:29 of 1st period - Shot Blocked by Christian Folin.
19:31 of 1st period - Wrist shot by Joel Armia.
19:31 of 1st period - Shot Hit the Post.
19:33 of 1st period - Slapshot by Joe Morrow.
19:33 of 1st period - Shot Misses the Net.
19:35 of 1st period - Wrist shot by Garnet Hathaway.
19:35 of 1st period - Stopped by Michael Hutchinson without a rebound.
19:36 of 1st period - Marko Dano wins face-off versus Kyle Palmieri in Inferno zone.
19:37 of 1st period - Snap shot by Connor Brown.
19:37 of 1st period - Shot Misses the Net.
19:39 of 1st period - Slapshot by Andre Burakovsky.
19:39 of 1st period - Shot Misses the Net.
19:45 of 1st period - Snap shot by Marko Dano.
19:45 of 1st period - Goal by Marko Dano - Monarchs : 2 - Inferno : 0.
19:46 of 1st period - Tanner Pearson wins face-off versus Daultan Leveillé in neutral zone.
Goals for this period are 2 for Monarchs vs 0 for Inferno.
Shots for this period are 14 for Monarchs vs 11 for Inferno.
2nd period
0:01 of 2nd period - Vladimir Sobotka wins face-off versus Daultan Leveillé in neutral zone.
0:26 of 2nd period - Christian Folin is hit by Marko Dano and loses puck.
0:31 of 2nd period - Snap shot by Eric Fehr.
0:31 of 2nd period - Shot Misses the Net.
0:33 of 2nd period - Snap shot by Eric Fehr.
0:33 of 2nd period - Shot Misses the Net.
0:35 of 2nd period - Slapshot by Will Butcher.
0:35 of 2nd period - Deflect By Eric Fehr.
0:35 of 2nd period - Shot Blocked by Bryan Rust.
0:35 of 2nd period - Puck is out of play.
0:36 of 2nd period - Garnet Hathaway wins face-off versus Tanner Pearson in Inferno zone.
0:41 of 2nd period - Slapshot by JT Compher.
0:41 of 2nd period - Stopped by Michael Hutchinson with a rebound.
0:43 of 2nd period - Snap shot by Garnet Hathaway.
0:43 of 2nd period - Shot Misses the Net.
0:45 of 2nd period - Backhand shot by Will Butcher.
0:45 of 2nd period - Shot Misses the Net.
0:47 of 2nd period - Snap shot by David Fischer.
0:47 of 2nd period - Shot Misses the Net.
0:49 of 2nd period - Snap shot by Garnet Hathaway.
0:49 of 2nd period - Stopped by Michael Hutchinson without a rebound.
0:50 of 2nd period - Anders Lee wins face-off versus Daultan Leveillé in Inferno zone.
1:07 of 2nd period - Robert Hagg is hit by Esa Lindell and loses puck.
1:32 of 2nd period - Snap shot by Tomas Tatar.
1:32 of 2nd period - Shot Misses the Net.
1:48 of 2nd period - Wrist shot by Kyle Palmieri.
1:48 of 2nd period - Deflect By Will Butcher.
1:48 of 2nd period - Shot Blocked by David Fischer.
1:48 of 2nd period - Puck is out of play.
1:49 of 2nd period - Elias Lindholm wins face-off versus Philip Varone in Monarchs zone.
1:56 of 2nd period - Snap shot by Matthew Nieto.
1:56 of 2nd period - Shot Misses the Net.
1:58 of 2nd period - Wrist shot by Matthew Nieto.
1:58 of 2nd period - Shot Misses the Net.
2:00 of 2nd period - Snap shot by Esa Lindell.
2:00 of 2nd period - Stopped by Anders Lindback without a rebound.
2:01 of 2nd period - Vladimir Sobotka wins face-off versus Daultan Leveillé in Monarchs zone.
2:26 of 2nd period - Jonathan Drouin is hit by Esa Lindell and loses puck.
2:59 of 2nd period - Wrist shot by Tyler Shattock.
2:59 of 2nd period - Stopped by Anders Lindback without a rebound.
3:00 of 2nd period - Tanner Pearson wins face-off versus Daultan Leveillé in Monarchs zone.
3:17 of 2nd period - Wrist shot by Vladimir Sobotka.
3:17 of 2nd period - Deflect By Tanner Pearson.
3:17 of 2nd period - Stopped by Anders Lindback without a rebound.
3:18 of 2nd period - Anders Lee wins face-off versus Marko Dano in Monarchs zone.
3:43 of 2nd period - Esa Lindell is hit by Connor Brown.
4:49 of 2nd period - Wrist shot by Matt Kassian.
4:49 of 2nd period - Stopped by Anders Lindback without a rebound.
4:50 of 2nd period - Vladimir Sobotka wins face-off versus Daultan Leveillé in Monarchs zone.
5:19 of 2nd period - Snap shot by Steve Ott.
5:19 of 2nd period - Deflect By Joel Armia.
5:19 of 2nd period - Stopped by Michael Hutchinson with a rebound.
5:47 of 2nd period - Snap shot by Matthew Nieto.
5:47 of 2nd period - Goal by Matthew Nieto - Monarchs : 2 - Inferno : 1.
5:48 of 2nd period - Daultan Leveillé wins face-off versus Vladimir Sobotka in neutral zone.
6:02 of 2nd period - Off-side.
6:03 of 2nd period - Anders Lee wins face-off versus Marko Dano in neutral zone.
6:35 of 2nd period - Slapshot by Vladimir Sobotka.
6:35 of 2nd period - Shot Misses the Net.
6:37 of 2nd period - Slapshot by Esa Lindell.
6:37 of 2nd period - Goal by Esa Lindell - Monarchs : 2 - Inferno : 2.
6:38 of 2nd period - Vladimir Sobotka wins face-off versus Daultan Leveillé in neutral zone.
6:47 of 2nd period - Wrist shot by Kyle Palmieri.
6:47 of 2nd period - Stopped by Anders Lindback without a rebound.
6:48 of 2nd period - Daultan Leveillé wins face-off versus Vladimir Sobotka in Monarchs zone.
6:53 of 2nd period - Snap shot by Kyle Palmieri.
6:53 of 2nd period - Deflect By Tanner Pearson.
6:53 of 2nd period - Shot Misses the Net.
6:53 of 2nd period - Puck is out of play.
6:54 of 2nd period - Vladimir Sobotka wins face-off versus Daultan Leveillé in Monarchs zone.
6:57 of 2nd period - Slapshot by Vladimir Sobotka.
6:57 of 2nd period - Shot Blocked by Connor Brown.
6:59 of 2nd period - Snap shot by Kyle Palmieri.
6:59 of 2nd period - Shot Misses the Net.
7:15 of 2nd period - Minor Penalty to Tanner Pearson for Roughing.
7:16 of 2nd period - Marko Dano wins face-off versus Kyle Palmieri in Inferno zone.
9:14 of 2nd period - Kyle Palmieri is hit by Garnet Hathaway and loses puck.
9:15 of 2nd period - Penalty to Tanner Pearson is over, Tanner Pearson is back on ice.
9:25 of 2nd period - Wrist shot by Eric Fehr.
9:25 of 2nd period - Deflect By Mike Hoffman.
9:25 of 2nd period - Shot Misses the Net.
9:25 of 2nd period - Puck is out of play.
9:26 of 2nd period - Victor Rask wins face-off versus Marko Dano in Inferno zone.
10:00 of 2nd period - Off-side.
10:01 of 2nd period - Steve Ott wins face-off versus Philip Varone in neutral zone.
10:12 of 2nd period - Jonathan Drouin is hit by Philip Varone and loses puck.
10:17 of 2nd period - Slapshot by Esa Lindell.
10:17 of 2nd period - Deflect By Steve Ott.
10:17 of 2nd period - Stopped by Anders Lindback without a rebound.
10:18 of 2nd period - Vladimir Sobotka wins face-off versus Daultan Leveillé in Monarchs zone.
10:33 of 2nd period - Wrist shot by Kyle Palmieri.
10:33 of 2nd period - Stopped by Anders Lindback with a rebound.
10:35 of 2nd period - Wrist shot by Kyle Palmieri.
10:35 of 2nd period - Shot Blocked by David Fischer.
10:45 of 2nd period - Greg Pateryn is hit by Eric Fehr and loses puck.
10:58 of 2nd period - Snap shot by Eric Fehr.
10:58 of 2nd period - Stopped by Michael Hutchinson with a rebound.
11:04 of 2nd period - Minor Penalty to Simon Danis-Pepin for Tripping.
11:05 of 2nd period - Kyle Palmieri wins face-off versus Marko Dano in Inferno zone.
11:34 of 2nd period - JT Compher is hit by Anders Lee and loses puck.
11:35 of 2nd period - JT Compher from Monarchs is injured at 11:35 of 2nd period (Right Foot).
11:36 of 2nd period - Kyle Palmieri wins face-off versus Marko Dano in Monarchs zone.
12:11 of 2nd period - Snap shot by Joel Armia.
12:11 of 2nd period - Shot Misses the Net.
12:45 of 2nd period - Will Butcher is hit by Tanner Pearson and loses puck.
13:04 of 2nd period - Penalty to Simon Danis-Pepin is over, Simon Danis-Pepin is back on ice.
13:06 of 2nd period - Slapshot by Matthew Nieto.
13:06 of 2nd period - Deflect By Simon Danis-Pepin.
13:06 of 2nd period - Shot Misses the Net.
13:06 of 2nd period - Puck is out of play.
13:07 of 2nd period - Elias Lindholm wins face-off versus Philip Varone in Monarchs zone.
13:44 of 2nd period - Slapshot by Tomas Tatar.
13:44 of 2nd period - Stopped by Michael Hutchinson with a rebound.
13:46 of 2nd period - Wrist shot by Tomas Tatar.
13:46 of 2nd period - Shot Blocked by Christian Folin.
14:26 of 2nd period - Snap shot by Andre Burakovsky.
14:26 of 2nd period - Stopped by Michael Hutchinson without a rebound.
14:27 of 2nd period - Elias Lindholm wins face-off versus Philip Varone in Inferno zone.
14:36 of 2nd period - Slapshot by Simon Danis-Pepin.
14:36 of 2nd period - Deflect By Philip Varone.
14:36 of 2nd period - Shot Misses the Net.
14:36 of 2nd period - Puck is out of play.
14:37 of 2nd period - Vladimir Sobotka wins face-off versus Elias Lindholm in Monarchs zone.
14:46 of 2nd period - Snap shot by Kyle Palmieri.
14:46 of 2nd period - Shot Hit the Post.
15:00 of 2nd period - Minor Penalty to Garnet Hathaway for Interference.
15:01 of 2nd period - Daultan Leveillé wins face-off versus Vladimir Sobotka in Monarchs zone.
15:28 of 2nd period - Alec Martinez is hit by Christian Folin and loses puck.
15:37 of 2nd period - Backhand shot by Anders Lee.
15:37 of 2nd period - Goal by Anders Lee - Monarchs : 2 - Inferno : 3.
15:38 of 2nd period - Marko Dano wins face-off versus Vladimir Sobotka in neutral zone.
16:41 of 2nd period - Icing by Greg Pateryn.
16:42 of 2nd period - Elias Lindholm wins face-off versus Tyler Shattock in Inferno zone.
16:45 of 2nd period - Slapshot by Garnet Hathaway.
16:45 of 2nd period - Stopped by Michael Hutchinson without a rebound.
16:46 of 2nd period - Daultan Leveillé wins face-off versus Tanner Pearson in Inferno zone.
16:47 of 2nd period - Snap shot by Andre Burakovsky.
16:47 of 2nd period - Deflect By Connor Brown.
16:47 of 2nd period - Shot Misses the Net.
16:47 of 2nd period - Puck is out of play.
16:48 of 2nd period - Tanner Pearson wins face-off versus Daultan Leveillé in Inferno zone.
17:46 of 2nd period - Victor Rask is hit by Joel Armia and loses puck.
18:37 of 2nd period - Wrist shot by Bryan Rust.
18:37 of 2nd period - Goal by Bryan Rust - Monarchs : 2 - Inferno : 4.
18:38 of 2nd period - Daultan Leveillé wins face-off versus Vladimir Sobotka in neutral zone.
18:48 of 2nd period - Christian Folin is hit by Daultan Leveillé and loses puck.
19:03 of 2nd period - Vladimir Sobotka is hit by Joel Armia and loses puck.
19:15 of 2nd period - Icing by Christian Folin.
19:16 of 2nd period - Daultan Leveillé wins face-off versus Tanner Pearson in Inferno zone.
19:31 of 2nd period - Wrist shot by Andre Burakovsky.
19:31 of 2nd period - Stopped by Michael Hutchinson with a rebound.
19:51 of 2nd period - Anders Lee is hit by Marko Dano and loses puck.
Goals for this period are 0 for Monarchs vs 4 for Inferno.
Shots for this period are 8 for Monarchs vs 11 for Inferno.
3rd period
0:01 of 3rd period - Anders Lee wins face-off versus Daultan Leveillé in neutral zone.
0:04 of 3rd period - Connor Brown is hit by Matt Kassian and loses puck.
0:25 of 3rd period - Greg Pateryn is hit by Will Butcher and loses puck.
0:34 of 3rd period - Slapshot by Garnet Hathaway.
0:34 of 3rd period - Shot Misses the Net.
0:36 of 3rd period - Slapshot by Garnet Hathaway.
0:36 of 3rd period - Stopped by Michael Hutchinson with a rebound.
0:52 of 3rd period - Wrist shot by Vladimir Sobotka.
0:52 of 3rd period - Deflect By Tanner Pearson.
0:52 of 3rd period - Shot Misses the Net.
0:52 of 3rd period - Puck is out of play.
0:53 of 3rd period - Daultan Leveillé wins face-off versus Vladimir Sobotka in Monarchs zone.
1:04 of 3rd period - Andre Burakovsky is hit by Kyle Palmieri.
1:29 of 3rd period - Slapshot by Vladimir Sobotka.
1:29 of 3rd period - Stopped by Anders Lindback with a rebound.
1:31 of 3rd period - Wrist shot by Vladimir Sobotka.
1:31 of 3rd period - Stopped by Anders Lindback without a rebound.
1:32 of 3rd period - Marko Dano wins face-off versus Anders Lee in Monarchs zone.
1:43 of 3rd period - Matt Kassian is hit by Eric Fehr and loses puck.
1:52 of 3rd period - Bryan Rust is hit by Alec Martinez and loses puck.
2:09 of 3rd period - Slapshot by Victor Rask.
2:09 of 3rd period - Stopped by Anders Lindback with a rebound.
2:19 of 3rd period - Esa Lindell is hit by Eric Fehr and loses puck.
3:02 of 3rd period - Slapshot by Daultan Leveillé.
3:02 of 3rd period - Stopped by Michael Hutchinson with a rebound.
3:04 of 3rd period - Slapshot by Connor Brown.
3:04 of 3rd period - Stopped by Michael Hutchinson without a rebound.
3:05 of 3rd period - Anders Lee wins face-off versus Elias Lindholm in Inferno zone.
3:30 of 3rd period - David Fischer is hit by Tyler Shattock and loses puck.
4:33 of 3rd period - David Fischer is hit by Anders Lee and loses puck.
4:38 of 3rd period - Snap shot by Anders Lee.
4:38 of 3rd period - Stopped by Anders Lindback without a rebound.
4:39 of 3rd period - Vladimir Sobotka wins face-off versus Steve Ott in Monarchs zone.
5:08 of 3rd period - Slapshot by Matt Kassian.
5:08 of 3rd period - Stopped by Anders Lindback with a rebound.
5:44 of 3rd period - Snap shot by Alec Martinez.
5:44 of 3rd period - Stopped by Michael Hutchinson without a rebound.
5:45 of 3rd period - Victor Rask wins face-off versus Elias Lindholm in Inferno zone.
6:29 of 3rd period - Slapshot by Vladimir Sobotka.
6:29 of 3rd period - Shot Blocked by Zac Leslie.
7:09 of 3rd period - Icing by Esa Lindell.
7:10 of 3rd period - Philip Varone wins face-off versus Connor Brown in Inferno zone.
7:21 of 3rd period - Wrist shot by Philip Varone.
7:21 of 3rd period - Deflect By Daultan Leveillé.
7:21 of 3rd period - Shot Misses the Net.
7:21 of 3rd period - Puck is out of play.
7:22 of 3rd period - Vladimir Sobotka wins face-off versus Daultan Leveillé in Monarchs zone.
7:53 of 3rd period - Slapshot by Marko Dano.
7:53 of 3rd period - Shot Blocked by Christian Folin.
8:13 of 3rd period - Wrist shot by Garnet Hathaway.
8:13 of 3rd period - Stopped by Michael Hutchinson with a rebound.
8:28 of 3rd period - Snap shot by Steve Ott.
8:28 of 3rd period - Shot Misses the Net.
8:30 of 3rd period - Slapshot by Joel Armia.
8:30 of 3rd period - Stopped by Michael Hutchinson with a rebound.
8:52 of 3rd period - Vladimir Sobotka is hit by Andre Burakovsky and loses puck.
8:59 of 3rd period - Daultan Leveillé is hit by Greg Pateryn.
10:28 of 3rd period - Minor Penalty to Petteri Lindbohm for Interference.
10:29 of 3rd period - Kyle Palmieri wins face-off versus Marko Dano in Inferno zone.
11:20 of 3rd period - Esa Lindell is hit by Ryan Pulock.
11:48 of 3rd period - Elias Lindholm is hit by Matthew Nieto and loses puck.
12:28 of 3rd period - Penalty to Petteri Lindbohm is over, Petteri Lindbohm is back on ice.
13:19 of 3rd period - Andre Burakovsky is hit by Tyler Shattock and loses puck.
14:01 of 3rd period - Snap shot by Joakim Nordstrom.
14:01 of 3rd period - Stopped by Anders Lindback with a rebound.
14:07 of 3rd period - Andre Burakovsky is hit by Joakim Nordstrom and loses puck.
14:56 of 3rd period - Snap shot by Simon Danis-Pepin.
14:56 of 3rd period - Stopped by Anders Lindback with a rebound.
14:58 of 3rd period - Slapshot by Simon Danis-Pepin.
14:58 of 3rd period - Deflect By Tyler Shattock.
14:58 of 3rd period - Stopped by Anders Lindback without a rebound.
14:59 of 3rd period - Steve Ott wins face-off versus Vladimir Sobotka in Monarchs zone.
15:12 of 3rd period - Eric Fehr is hit by Kyle Palmieri and loses puck.
15:25 of 3rd period - Andre Burakovsky is hit by Matthew Nieto and loses puck.
15:50 of 3rd period - Snap shot by Anders Lee.
15:50 of 3rd period - Stopped by Anders Lindback without a rebound.
15:51 of 3rd period - Philip Varone wins face-off versus Marko Dano in Monarchs zone.
15:56 of 3rd period - Snap shot by Matthew Nieto.
15:56 of 3rd period - Shot Blocked by Tomas Tatar.
15:58 of 3rd period - Slapshot by Philip Varone.
15:58 of 3rd period - Shot Misses the Net.
16:00 of 3rd period - Slapshot by Simon Danis-Pepin.
16:00 of 3rd period - Stopped by Anders Lindback with a rebound.
16:02 of 3rd period - Wrist shot by Philip Varone.
16:02 of 3rd period - Shot Misses the Net.
16:04 of 3rd period - Slapshot by Simon Danis-Pepin.
16:04 of 3rd period - Stopped by Anders Lindback without a rebound.
16:05 of 3rd period - Steve Ott wins face-off versus Vladimir Sobotka in Monarchs zone.
16:14 of 3rd period - Snap shot by Kyle Palmieri.
16:14 of 3rd period - Shot Misses the Net.
16:54 of 3rd period - Jonathan Drouin is hit by Victor Rask and loses puck.
17:07 of 3rd period - Snap shot by Jonathan Drouin.
17:07 of 3rd period - Shot Misses the Net.
17:57 of 3rd period - Icing by Christian Folin.
17:58 of 3rd period - Elias Lindholm wins face-off versus Oliver Bjorkstrand in Inferno zone.
18:07 of 3rd period - Slapshot by Christian Folin.
18:07 of 3rd period - Shot Blocked by Alec Martinez.
18:09 of 3rd period - Snap shot by Christian Folin.
18:09 of 3rd period - Deflect By Victor Rask.
18:09 of 3rd period - Shot Blocked by Robert Hagg.
18:09 of 3rd period - Puck is out of play.
18:10 of 3rd period - Elias Lindholm wins face-off versus Philip Varone in Monarchs zone.
18:40 of 3rd period - Vladimir Sobotka is hit by Will Butcher and loses puck.
19:39 of 3rd period - Eric Fehr is hit by Frank Corrado and loses puck.
Goals for this period are 0 for Monarchs vs 0 for Inferno.
Shots for this period are 6 for Monarchs vs 11 for Inferno.
Back to the Top